 Dungeon Crawl Stone Soup version 0.28-a0-667-g162e43154e (webtiles) character file.

Game seed: 14761163382836559398

231 Lekart the Slasher (level 5, -5/46 HPs)
             Began as a Draconian Fighter on Oct 17, 2021.
             Slain by Dowan (9 damage)
             ... on level 4 of the Dungeon.
             The game lasted 00:03:49 (3810 turns).

Lekart the Slasher (Draconian Fighter)              Turns: 3810, Time: 00:03:51

Health: -5/46      AC:  6    Str: 19    XL:     5   Next: 73%
Magic:  5/5        EV: 12    Int:  8    God:
Gold:   47         SH:  4    Dex: 11    Spells: 4/4 levels left

rFire   . . .      SeeInvis .   a - +0 long sword
rCold   . . .      Faith    .   b - +0 buckler
rNeg    . . .      Spirit   .   (armour unavailable)
rPois   .          Reflect  .   (helmet restricted)
rElec   .          Harm     .   (no cloak)
rCorr   .          Rampage  .   j - +0 pair of gloves
Will    .....                   (no boots)
Stlth   +.........              (no amulet)
HPRegen 0.15/turn               (no ring)
MPRegen 0.09/turn               (no ring)

@: no status effects
A: AC +5, unfitting armour, cold-blooded
a: no special abilities


You were on level 4 of the Dungeon.
You visited 1 branch of the dungeon, and saw 4 of its levels.

You collected 47 gold pieces.

Inventory:

Hand Weapons
 a - a +0 long sword (weapon)
Missiles
 f - 2 atropa-tipped darts (quivered)
Armour
 b - a +0 buckler (worn)
 j - a +0 pair of gloves (worn)
Jewellery
 e - a ring of ice
 l - an amulet of faith
Scrolls
 i - a scroll of magic mapping {unknown}
 n - a scroll of identify
Potions
 c - a potion of might
 d - a potion of ambrosia {unknown}
 g - 2 potions of brilliance
 h - a potion of mutation {unknown}
 k - a potion of curing {unknown}
 m - a potion of degeneration {unknown}


   Skills:
 + Level 4.1 Fighting
 + Level 4.2 Long Blades
 + Level 3.6 Dodging
 + Level 1.1 Stealth
 + Level 3.5 Shields


You had 4 spell levels left.
You didn't know any spells.
Your spell library was empty.

Dungeon Overview and Level Annotations

Branches:
Dungeon (4/15)
 Temple: D:4-7

Altars:
Cheibriados
Dithmenos
Fedhas
Hepliaklqana
Qazlal
Yredelemnul
The Shining One

Shops:
D:1 [

Annotations:
D:2 1 runed translucent door, Crazy Yiuf
D:4 Dowan, Duvessa


Innate Abilities, Weirdness & Mutations

Your plain brown scales are hard. (AC +5)
You cannot fit into any form of body armour.
You are cold-blooded and may be slowed by cold attacks.


Message History

Dowan is nearby!
Duvessa, Sister of Dowan comes into view.
She is wielding a +0 rapier.
There are monsters nearby!
Found 8 gold pieces.
Dowan says, "Magic and the sword, together, will defeat you."
Dowan gestures at you while chanting. The puff of frost hits you.
Duvessa shouts!
You hit Dowan.
Dowan is lightly wounded.
Dowan closely misses you.
You barely miss Dowan.
Dowan is lightly wounded.
Dowan hits you but does no damage.
You are electrocuted!
You hit Dowan.
Dowan is lightly wounded.
Dowan hits you with a +3 dagger of electrocution.
You are electrocuted!!
* * * LOW HITPOINT WARNING * * *
You are too injured to fight recklessly!
You are too injured to fight recklessly!
You are too injured to fight recklessly!
You are too injured to fight recklessly!
You are too injured to fight recklessly!
You are too injured to fight recklessly!
You are too injured to fight recklessly!
You are too injured to fight recklessly!
You are too injured to fight recklessly!
You are too injured to fight recklessly!
You are too injured to fight recklessly!
You are too injured to fight recklessly!
You are too injured to fight recklessly!
Okay, then.
Dowan closely misses you.
There is a stone staircase leading up here.
Duvessa drinks a potion.
Duvessa seems to grow stronger.
Dowan hits you with a +3 dagger of electrocution.
* * * LOW HITPOINT WARNING * * *
You are electrocuted!
You die...

...(.(. #....
....... ......
....... #......
#......
##...$...
#.....##........
#......#.......
#.###e##...##..
#.e#..###.
#.@.......
#..............
.......#.......
.......#......#
..............#
.......#.......
...)........#.#
.#..... .#.####


You could see Duvessa (strong) and Dowan.

Vanquished Creatures
  2 orc priests (D:3)
  An orc wizard (D:3)
  A hound skeleton (D:2)
  3 gnolls (D:2)
  An adder (D:3)
  5 worms
  3 dart slugs
  6 orcs
  3 endoplasms (D:3)
  2 giant cockroaches
  9 goblins
  5 hobgoblins
  4 jackals (D:2)
  3 quokkas
  4 ball pythons
  8 bats
  4 frilled lizards
  2 kobolds (D:1)
  6 rats
72 creatures vanquished.

Notes
Turn   | Place    | Note
-------+----------+-------------------------------------------
     0 | D:1      | Lekart the Draconian Fighter began the quest for the Orb.
     0 | D:1      | Reached XP level 1. HP: 19/19 MP: 1/1
   227 | D:1      | Reached XP level 2. HP: 26/26 MP: 2/2
   283 | D:1      | Found a faded altar of an unknown god.
   559 | D:1      | Found Vyocwiv's Armour Shop.
   729 | D:2      | Reached XP level 3. HP: 28/31 MP: 3/3
  1785 | D:2      | Reached XP level 4. HP: 28/40 MP: 4/4
  1904 | D:2      | Found a runed translucent door.
  1905 | D:2      | Noticed Crazy Yiuf
  2673 | D:3      | Found a snail-covered altar of Cheibriados.
  2726 | D:3      | Reached XP level 5. HP: 32/46 MP: 5/5
  3032 | D:3      | Reached skill level 1 in Stealth
  3425 | D:3      | Found a shadowy altar of Dithmenos.
  3425 | D:3      | Found a blossoming altar of Fedhas.
  3425 | D:3      | Found a hazy altar of Hepliaklqana.
  3425 | D:3      | Found a glowing golden altar of the Shining One.
  3431 | D:3      | Found a stormy altar of Qazlal.
  3431 | D:3      | Found a basalt altar of Yredelemnul.
  3799 | D:4      | Noticed Dowan
  3800 | D:4      | Noticed Duvessa
  3810 | D:4      | Slain by Dowan

Illustrated notes

Levels and vault maps discovered:
D:1:      shiori_arrival_maze, layout_rooms, serial_shops,
          nicolae_lakefront_shop, hellmonk_ecumenical_altar_blasted
D:2:      layout_basic, uniq_crazy_yiuf_cottage
D:3:      layout_loops_corners, slow_altar_1, minmay_overflow_temple_hex
D:4:      layout_cave_pools, minmay_temple_entry_arrows, uniq_grinder,
          uniq_duvessa

Skill      XL: |  1  2  3  4  5 |
---------------+----------------+-----
Dodging        | 3 |  3.6
Long Blades    | 3 4 |  4.2
Fighting       | 4 |  4.1
Stealth        | 1 |  1.1
Shields        | |  3.5

Action                   |  1- 3 |  4- 6 || total
-------------------------+-------+-------++-------
Melee: Long sword        |   108 |   105 ||   213
       Tailslap          |    11 |    12 ||    23
  Use: Potion            |     5 |     1 ||     6
       Scroll            |     4 |       ||     4
 Stab: Sleeping          |     1 |     1 ||     2
Armor: Skin              |    26 |    24 ||    50
Dodge: Dodged            |    89 |    56 ||   145
Block: Buckler           |    33 |    17 ||    50

Table legend: (Time is in decaauts)
 A = Elapsed time spent in this place.
 B = Non-inter-level travel time spent in this place.
 C = Inter-level travel time spent in this place.
 D = Time resting spent in this place.
 E = Time spent auto-exploring this place.
 F = Levels seen in this place.
 G = Mean time per level.
                   A        B        C        D        E       F      G
               +--------+--------+--------+--------+--------+-----+--------+
         Total |   3889 |   3843 |     46 |    313 |   2957 |   4 |  972.2 |
       Dungeon |   3889 |   3843 |     46 |    313 |   2957 |   4 |  972.2 |
               +--------+--------+--------+--------+--------+-----+--------+

Top non-repeatable levels by time:
     D:2: 1823 daAuts
     D:3: 1343 daAuts
     D:1: 710 daAuts
     D:4: 12 daAuts
